 Dungeon Sprint DCSS version 0.22-a0-109-gbeb7240 (webtiles) character file.

174956 theanonym the Conqueror (level 17, -5/325 HPs)
             Began as a Demonspawn Fighter on Jan 26, 2018.
             Was the Champion of Makhleb.
             Slain by Ydwo the pandemonium lord (28 damage)
             ... in the Dungeon (Sprint V: "Ziggurat Sprint").
             The game lasted 00:18:02 (2355 turns).

theanonym the Conqueror (Demonspawn Fighter)        Turns: 2355, Time: 00:18:03

Health: -5/325     AC: 42    Str: 38    XL:     17   Next: 46%
Magic:  0/34       EV: 21    Int:  8    God:    Makhleb [******]
Gold:   0          SH: 34    Dex: 17    Spells: 16/16 levels left

rFire    + + +     SeeInvis +   F - +14 obsidian axe {chop, +Fly SInv *Curse}
rCold    + + +     Gourm    .   G - +18 shield of the Gong {rElec rN+ MR+ EV-5}
rNeg     + + .     Faith    .   s - +12 gold dragon scales {23 rF+ rC+ rPois}
rPois    +         Spirit   +   n - +2 hat of the Bear Spirit {Spirit, +Rage rN+ MR++}
rElec    +         Reflect  .   U - scarf {repulsion}
rCorr    +         Harm     .   M - +2 pair of gloves {Str+3}
MR       +++++     Rnd*Rage +   (boots unavailable) Stlth ..........NoTele +
                                O - necklace of Bloodlust {*Rage +Rage MR++ Int-3 Slay+6 *Curse}
HPRegen  0.64/turn              S - ring "Facvower" {+Inv rF+ Str+7}
MPRegen  0.24/turn              K - ring of Zoimpeo {rElec rC+ MR++ SInv Stlth+}

@: mighty, agile, berserking, resistant, mesmerised, hasted, studying Shields,
silenced, drained, repel missiles, very quick
A: talons 3, rugged brown scales 2, demonic guardian 2, mutation resistance 1,
powered by death 1, robust 2
a: Renounce Religion, Evoke Berserk Rage, Evoke Invisibility, Evoke Flight


Innate Abilities, Weirdness & Mutations

You have claws for feet.
You are mostly covered in rugged brown scales. (AC +2, +5% HP)
A demonic guardian rushes to your aid.
You regenerate a little health from kills.
You are very robust. (+20% HP)
You are somewhat resistant to further mutation.


   Skills:
 O Level 27(26.8) Fighting
 + Level 23.4(23.2) Axes
 - Level 20.0(19.8) Armour
 + Level 20.5(20.4) Dodging
 - Level 15.1(14.9) Shields
 + Level 26.6(26.4) Invocations


You had 16 spell levels left.
You didn't know any spells.

Skill      XL: |  1  2  3  4  5  6  7  8  9 10 11 12 13 14 15 16 17 |
---------------+----------------------------------------------------+-----
Axes           | 7 8 10 11 12 13 14 16 18 21 23 | 23.4
Fighting       | 5 6 8 10 11 13 14 16 19 22 24 27 | 27.0
Armour         | 3 4 5 7 9 10 11 13 15 17 19 20 | 20.0
Shields        | 3 4 5 7 9 10 11 13 15 | 15.1
Dodging        | 3 10 13 18 20 | 20.5
Invocations    | 12 17 24 26 | 26.6

Action                   |  1- 3 |  4- 6 |  7- 9 | 10-12 | 13-15 | 16-18 || total
-------------------------+-------+-------+-------+-------+-------+-------++-------
Melee: Broad axe         |     2 |     9 |    29 |   119 |   183 |   142 ||   484
       Kick              |       |       |    11 |    38 |    76 |    52 ||   177
 Abil: Evoke Berserk Rag |       |       |       |       |     1 |       ||     1
  Use: Potion            |     1 |       |     1 |     5 |     2 |     6 ||    15
       Scroll            |       |       |       |     7 |     4 |       ||    11
 Stab: Invisible         |       |       |     3 |     5 |       |       ||     8
       Distracted        |       |       |       |     2 |     2 |     1 ||     5
  Eat: Ration            |       |       |       |     1 |     1 |       ||     2
Armor: Gold dragon scale |     1 |     4 |    16 |    82 |    80 |    77 ||   260
Dodge: Dodged            |       |       |       |     2 |    22 |    50 ||    74
       Deflected         |       |       |       |       |     2 |     6 ||     8
Block: Shield            |     1 |    12 |    44 |   180 |   232 |   178 ||   647

Inventory:

Hand Weapons
 a - a +0 war axe
 F - the +14 obsidian axe (weapon) {chop, +Fly SInv *Curse}
   (You found it in the Dungeon)

   It inflicts extra damage upon your enemies.
   It lets you see invisible.
   It lets you fly.
   It curses itself when equipped.
Armour
 c - a +0 shield
 k - a +0 scale mail {10}
 n - the +2 hat of the Bear Spirit (worn) {Spirit, +Rage rN+ MR++}
   (You found it in the Dungeon)

   It protects you from negative energy.
   It affects your resistance to hostile enchantments.
   It lets you go berserk.
 s - +12 gold dragon scales (worn) {23 rF+ rC+ rPois}
   (You found it in the Dungeon)
 G - the +18 shield of the Gong (worn) {rElec rN+ MR+ EV-5}
   (You found it in the Dungeon)

   It affects your evasion (-5).
   It insulates you from electricity.
   It protects you from negative energy.
   It affects your resistance to hostile enchantments.
 M - a +2 pair of gloves of strength (worn)
   (You found it in the Dungeon)
 U - a scarf of repulsion (worn)
   (You found it in the Dungeon)
Jewellery
 z - a +6 ring of dexterity
   (You found it in the Dungeon)
 A - a +6 ring of dexterity
   (You found it in the Dungeon)
 B - a +6 ring of intelligence
   (You found it in the Dungeon)
 C - a +6 ring of intelligence
   (You found it in the Dungeon)
 D - a +6 ring of strength
   (You found it in the Dungeon)
 E - a +6 ring of strength
   (You found it in the Dungeon)
 K - the ring of Zoimpeo (right hand) {rElec rC+ MR++ SInv Stlth+}
   (You found it in the Dungeon)

   [ring of stealth]

   It protects you from cold.
   It insulates you from electricity.
   It affects your resistance to hostile enchantments.
   It lets you see invisible.
   It makes you more stealthy.
 L - the ring "Podeff" {EV+4 Int+5}
   (You found it in the Dungeon)

   [ring of evasion]

   It affects your evasion (+4).
   It affects your intelligence (+5).
 N - the ring "Qakad" {rCorr Str+3}
   (You found it in the Dungeon)

   [ring of resist corrosion]

   It affects your strength (+3).
 O - the necklace of Bloodlust (around neck) {*Rage +Rage MR++ Int-3 Slay+6 *Curse}
   (You found it in the Dungeon)

   [amulet of rage]

   It affects your intelligence (-3).
   It affects your accuracy and damage with ranged weapons and melee attacks
   (+6).
   It affects your resistance to hostile enchantments.
   It lets you go berserk.
   It may make you go berserk in combat.
   It curses itself when equipped.
 P - the brooch of Shielding {Reflect SH+8}
   (You found it in the Dungeon)

   [amulet of reflection]

   It shields you and reflects attacks.
   It affects your SH (+8).
 Q - an uncursed ring of fire {rF+ rC-}
   (You took it off a spriggan air mage in the Dungeon)
 R - an uncursed amulet of faith {Faith}
   (You acquired it in the Dungeon)
 S - the ring "Facvower" (left hand) {+Inv rF+ Str+7}
   (You found it in the Dungeon)

   [ring of protection from fire]

   It affects your strength (+7).
   It protects you from fire.
   It lets you turn invisible.
 X - the ring "Egipodim" {rF+ rN+ Str+2 Slay+2}
   (You found it in the Dungeon)

   [ring of protection from fire]

   It affects your strength (+2).
   It affects your accuracy and damage with ranged weapons and melee attacks
   (+2).
   It protects you from fire.
   It protects you from negative energy.
Wands
 v - a wand of acid (7)
   (You found it in the Dungeon)
 x - a wand of iceblast (7)
   (You found it in the Dungeon)
 y - a wand of disintegration (7)
   (You found it in the Dungeon)
Scrolls
 b - 4 scrolls of blinking
 f - 7 scrolls of fog
 j - 4 scrolls of enchant armour
 p - 4 scrolls of amnesia
 r - 4 scrolls of identify
 t - 4 scrolls of remove curse
 u - 2 scrolls of fear
 H - 4 scrolls of enchant weapon
 J - a scroll of brand weapon
Potions
 d - 6 potions of might
 g - 2 potions of brilliance
 h - 6 potions of haste
 i - 7 potions of magic
 m - 3 potions of resistance {rF+ rC+}
 o - 7 potions of agility
 q - 14 potions of heal wounds
 w - 10 potions of curing
Books
 V - a manual of Shields
   (You found it in the Dungeon)
Miscellaneous
 l - 4 phantom mirrors
 I - a fan of gales
   (You found it in the Dungeon)
 T - a lamp of fire
   (You found it in the Dungeon)
Comestibles
 e - 5 rations You were in the Dungeon. You worshipped Makhleb. Makhleb was exalted by your worship. You were not hungry. You visited 1 branch

Dungeon Overview and Level Annotations

Branches:
Dungeon (1/1)

Altars:
Ashenzari
Cheibriados
Dithmenos
Elyvilon
Fedhas
Gozag
Hepliaklqana
Kikubaaqudgha
Makhleb
Nemelex Xobeh
Okawaru
Qazlal
Ru
Sif Muna
Trog
Uskayaw
Vehumet
Wu Jian
Xom
Yredelemnul
Zin
The Shining One
Beogh
Jiyva
Lugonu

&&=3&bb.2.▓
.&.&3bX&&42▓
..&&&&&&&X&6▓
......2b2X&&3▓
.......&&&&&X3▓
....2...b4&&13▓
........321&&&&▓
..........b1&@&r▓
...........4&&ss▓
...........4&WW4▓
▓.........▓..§.▓ .
▓▓.......▓▓▓...▓
..▓........4▓....▓
.................▓
.................▓
.......©.........▓


You could see Afuhatux, Alarchoek (invisible), Bahekk, Cicuog, Cuejuschu,
Diamigem, Enuz, Eximoyk, Ezxocvi, Helaxuj, Heptafu, Hoghun, Ilias, Kuteot,
Kuumne, Leutah, Migia, Mofa, Naeffo, Ojipicus, Powopi, Qyisahap (invisible),
Taroonn, Ucyriat, Ugikeerhuach, Ulonuin, Utraex, Vaenesa, Veosseib, Xevvixett,
Ydwo, Ytamuuq, Zuheoxa, a tentacled monstrosity, a Tzitzimitl, a Brimstone
Fiend, an Ice Fiend, a cacodemon, a torturous warmonger, a hell beast, a reaper,
a balrug, a green death, a sun demon, a shadow demon, 2 orange demons, 3 large
abominations, a phantasmal warrior, a hellwing, 2 smoke demons, 3 ynoxinuls, a
wraith, a tarantella, a redback, a hell rat, 3 bats, a friendly orange demon and
a friendly ice devil.

Notes
Turn   | Place    | Note
-------+----------+-------------------------------------------
     0 | D        | Found the +6 Majin-Bo {vamp, Archmagi MP+6 Int+6}
     0 | D        | Found the +7 great mace "Firestarter" {inner flame, rF++}
     0 | D        | theanonym the Demonspawn Fighter began the quest for the Orb.
     0 | D        | Reached XP level 1. HP: 18/18 MP: 1/1
     3 | D        | Found a blossoming altar of Fedhas.
     4 | D        | Found a viscous altar of Jiyva.
     4 | D        | Found a hazy altar of Hepliaklqana.
     4 | D        | Found a transporter.
     4 | D        | Found an opulent altar of Gozag.
     4 | D        | Found an ancient bone altar of Kikubaaqudgha.
     4 | D        | Found a corrupted altar of Lugonu.
     8 | D        | Found a deep blue altar of Sif Muna.
     8 | D        | Found a sacrificial altar of Ru.
     8 | D        | Found a bloodstained altar of Trog.
     8 | D        | Found a stormy altar of Qazlal.
     8 | D        | Found an iron altar of Okawaru.
     8 | D        | Found a sparkling altar of Nemelex Xobeh.
    10 | D        | Found a burning altar of Makhleb.
    25 | D        | Found the +9 heavy crossbow "Sniper" {velocity, Acc+∞ SInv}
    25 | D        | Found the +10 dark maul {crush}
    25 | D        | Found the +15 Maxwell's patent armour {-Cast -Tele rElec MR+ rCorr}
    25 | D        | Found the +18 shield of the Gong {rElec rN+ MR+ EV-5}
    25 | D        | Found the cursed +14 obsidian axe {chop, +Fly SInv *Curse}
    52 | D        | Became a worshipper of Makhleb the Destroyer
    59 | D        | Reached skill level 7 in Axes
    59 | D        | Gained mutation: You are partially covered in rugged brown scales. (AC +1, +3% HP) [demonic ancestry]
    59 | D        | Reached XP level 2. HP: 18/24 MP: 2/2
   129 | D        | Entered arena 2.
   129 | D        | Noticed a water moccasin
   129 | D        | Found a transporter.
   131 | D        | Killed a water moccasin
   131 | D        | Reached skill level 5 in Fighting
   131 | D        | Reached skill level 8 in Axes
   131 | D        | Reached skill level 3 in Armour
   131 | D        | Reached skill level 3 in Shields
   131 | D        | Reached XP level 3. HP: 33/33 MP: 3/3
   131 | D        | Gained mutation: A weak demonic guardian rushes to your aid. [demonic ancestry]
   131 | D        | Reached XP level 4. HP: 40/40 MP: 4/4
   138 | D        | Entered arena 3.
   138 | D        | Noticed a porcupine
   138 | D        | Found a transporter.
   141 | D        | Reached * piety under Makhleb
   142 | D        | Killed a porcupine
   142 | D        | Reached skill level 6 in Fighting
   142 | D        | Reached skill level 4 in Armour
   142 | D        | Reached skill level 4 in Shields
   142 | D        | Reached XP level 5. HP: 48/48 MP: 5/5
   144 | D        | Reached skill level 9 in Axes
   152 | D        | Entered arena 4.
   152 | D        | Noticed a scimitar of draining
   152 | D        | Noticed a fire elemental
   152 | D        | Noticed a deep elf mage
   152 | D        | Found a transporter.
   156 | D        | Killed a deep elf mage
   156 | D        | Reached ** piety under Makhleb
   156 | D        | Reached skill level 8 in Fighting
   156 | D        | Reached skill level 10 in Axes
   156 | D        | Reached skill level 5 in Armour
   156 | D        | Reached skill level 5 in Shields
   156 | D        | Gained mutation: You have sharp toenails. [demonic ancestry]
   156 | D        | Reached XP level 6. HP: 57/58 MP: 6/6
   156 | D        | Gained mutation: You are mostly covered in rugged brown scales. (AC +2, +5% HP) [demonic ancestry]
   156 | D        | Reached XP level 7. HP: 57/66 MP: 7/7
   157 | D        | Killed a fire elemental
   157 | D        | Reached skill level 9 in Fighting
   157 | D        | Reached skill level 6 in Armour
   157 | D        | Reached skill level 6 in Shields
   159 | D        | Killed a scimitar of draining
   159 | D        | Reached skill level 10 in Fighting
   159 | D        | Reached skill level 11 in Axes
   159 | D        | Reached skill level 7 in Armour
   159 | D        | Reached skill level 7 in Shields
   159 | D        | Reached XP level 8. HP: 52/76 MP: 8/8
   190 | D        | Got the ring "Efataeny" {AC+3 Int+4}
   235 | D        | Entered arena 5.
   235 | D        | Found a transporter.
   237 | D        | Reached *** piety under Makhleb
   267 | D        | Entered arena 6.
   267 | D        | Noticed a draconian
   267 | D        | Noticed a draconian
   267 | D        | Noticed a draconian
   267 | D        | Noticed a draconian
   267 | D        | Noticed a draconian
   267 | D        | Found a transporter.
   273 | D        | Killed a draconian
   273 | D        | Reached **** piety under Makhleb
   273 | D        | Reached skill level 11 in Fighting
   273 | D        | Reached skill level 12 in Axes
   273 | D        | Gained mutation: A demonic guardian rushes to your aid. [demonic ancestry]
   273 | D        | Reached XP level 9. HP: 85/85 MP: 9/9
   274 | D        | Killed a draconian
   274 | D        | Reached skill level 8 in Armour
   274 | D        | Reached skill level 8 in Shields
   274 | D        | Noticed an ice devil
   276 | D        | Killed a draconian
   276 | D        | Reached skill level 12 in Fighting
   278 | D        | Killed a draconian
   281 | D        | Killed a draconian
   281 | D        | Reached skill level 13 in Axes
   342 | D        | Entered arena 7.
   342 | D        | Noticed a merfolk
   342 | D        | Noticed a cyclops
   342 | D        | Noticed a merfolk
   342 | D        | Noticed a merfolk
   342 | D        | Noticed a merfolk
   343 | D        | Found a transporter.
   347 | D        | Reached ***** piety under Makhleb
   349 | D        | HP: 43/87 [merfolk/+2 rapier of speed (9)]
   352 | D        | Killed a merfolk
   354 | D        | Killed a merfolk
   355 | D        | HP: 39/88 [merfolk/+2 flail of holy wrath (6)]
   356 | D        | Killed a merfolk
   356 | D        | Killed a cyclops
   356 | D        | Reached skill level 13 in Fighting
   356 | D        | Reached skill level 9 in Armour
   356 | D        | Reached skill level 9 in Shields
   356 | D        | Reached XP level 10. HP: 67/96 MP: 10/10
   361 | D        | Got the ring of Zoimpeo {rElec rC+ MR++ SInv Stlth+}
   371 | D        | Entered arena 8.
   377 | D        | Found a transporter.
   380 | D        | Reached ****** piety under Makhleb
   388 | D        | Entered arena 9.
   389 | D        | Found the +2 hat of the Bear Spirit {Spirit, +Rage rN+ MR++}
   389 | D        | Found a transporter.
   394 | D        | Reached skill level 14 in Axes
   409 | D        | Got the ring "Podeff" {EV+4 Int+5}
   492 | D        | Entered arena 10.
   492 | D        | Noticed an eye of devastation
   492 | D        | Noticed an eye of devastation
   492 | D        | Noticed a shining eye
   492 | D        | Noticed a shining eye
   492 | D        | Noticed an eye of devastation
   492 | D        | Gained mutation: You are somewhat resistant to further mutation. [a shining eye]
   493 | D        | Found a transporter.
   500 | D        | Killed an eye of devastation
   500 | D        | Reached skill level 14 in Fighting
   501 | D        | Killed an eye of devastation
   502 | D        | Killed a shining eye
   503 | D        | Killed an eye of devastation
   503 | D        | Reached skill level 10 in Shields
   505 | D        | Killed a shining eye
   505 | D        | Reached skill level 10 in Armour
   517 | D        | Got the ring "Qakad" {rCorr Str+3}
   526 | D        | Entered arena 11.
   526 | D        | Noticed a mummy priest
   527 | D        | Found the cursed necklace of Bloodlust {*Rage +Rage MR++ Int-3 Slay+6 *Curse}
   527 | D        | Found a transporter.
   535 | D        | Gained mutation: You have razor-sharp toenails. [demonic ancestry]
   535 | D        | Reached XP level 11. HP: 88/106 MP: 6/11
   535 | D        | Noticed a soul eater
   539 | D        | Noticed a soul eater
   540 | D        | Killed a mummy priest
   540 | D        | Reached skill level 15 in Axes
   695 | D        | Entered arena 12.
   695 | D        | Noticed an alligator snapping turtle
   695 | D        | Noticed a merfolk javelineer
   696 | D        | Noticed a merfolk impaler
   696 | D        | Noticed a merfolk impaler
   697 | D        | Found a transporter.
   704 | D        | Reached skill level 15 in Fighting
   707 | D        | Killed an alligator snapping turtle
   708 | D        | HP: 50/107 [merfolk impaler/trident (14)]
   712 | D        | HP: 19/107 [merfolk impaler/trident (6)]
   713 | D        | Killed a merfolk javelineer
   718 | D        | Killed a merfolk impaler
   719 | D        | Reached skill level 11 in Shields
   722 | D        | Killed a merfolk impaler
   722 | D        | Reached skill level 11 in Armour
   843 | D        | Entered arena 13.
   843 | D        | Noticed an ice dragon
   843 | D        | Noticed an ice dragon
   844 | D        | Noticed an ice dragon
   845 | D        | Found the brooch of Shielding {Reflect SH+8}
   845 | D        | Found a transporter.
   848 | D        | Killed an ice dragon
   848 | D        | Reached skill level 16 in Fighting
   848 | D        | Reached skill level 16 in Axes
   853 | D        | Killed an ice dragon
   857 | D        | Killed an ice dragon
   869 | D        | Entered arena 14.
   870 | D        | Noticed a soul eater
   871 | D        | Noticed a soul eater
   871 | D        | Noticed a soul eater
   873 | D        | Found a transporter.
   879 | D        | Killed a soul eater
   879 | D        | Gained mutation: You have claws for feet. [demonic ancestry]
   879 | D        | Reached XP level 12. HP: 90/118 MP: 8/12
   883 | D        | Reached skill level 17 in Fighting
   911 | D        | Entered arena 15.
   912 | D        | Noticed a naga warrior
   913 | D        | Noticed a naga warrior
   913 | D        | Noticed an anaconda
   914 | D        | Found a transporter.
   918 | D        | Killed an anaconda
   918 | D        | Reached skill level 17 in Axes
   922 | D        | Reached skill level 12 in Shields
   926 | D        | Killed a naga warrior
   926 | D        | Reached skill level 12 in Armour
   929 | D        | Killed a naga warrior
   940 | D        | Entered arena 16.
   944 | D        | Found a transporter.
   958 | D        | Got the ring "Facvower" {+Inv rF+ Str+7}
   964 | D        | Entered arena 17.
   967 | D        | Noticed a reaper
   967 | D        | Noticed a reaper
   967 | D        | Noticed a reaper
   968 | D        | Noticed a reaper
   968 | D        | Noticed a reaper
   970 | D        | Found a transporter.
   971 | D        | HP: 58/121 [??? (32)]
   971 | D        | HP: 4/121 [reaper/enchanted scythe (28)]
   974 | D        | Reached skill level 18 in Axes
   975 | D        | Killed a reaper
   976 | D        | Reached skill level 18 in Fighting
   976 | D        | HP: 37/181 [poisoned by a reaper]
   977 | D        | HP: 10/181 [reaper/scythe of venom (13)]
   982 | D        | HP: 26/181 [poisoned by a reaper]
   983 | D        | Killed a reaper
   985 | D        | Killed a reaper
   986 | D        | Killed a reaper
   986 | D        | Reached skill level 13 in Armour
   986 | D        | Reached skill level 13 in Shields
   988 | D        | Killed a reaper
   988 | D        | Reached skill level 19 in Fighting
   988 | D        | HP: 78/186 [poisoned by a reaper]
   994 | D        | HP: 51/124 [poisoned by a reaper]
  1000 | D        | HP: 50/124 [poisoned by a reaper]
  1006 | D        | HP: 49/124 [poisoned by a reaper]
  1016 | D        | HP: 50/124 [poisoned by a reaper]
  1267 | D        | Entered arena 18.
  1270 | D        | Noticed a ghoul
  1271 | D        | Noticed a shadow dragon
  1271 | D        | Noticed a shadow dragon
  1271 | D        | Noticed a shadow dragon
  1279 | D        | Killed a ghoul
  1279 | D        | Gained mutation: You regenerate a little health from kills. [demonic ancestry]
  1279 | D        | Reached XP level 13. HP: 131/131 MP: 11/13
  1284 | D        | Killed a shadow dragon
  1286 | D        | Killed a shadow dragon
  1296 | D        | Killed a shadow dragon
  1296 | D        | Reached skill level 20 in Fighting
  1296 | D        | Reached skill level 14 in Armour
  1296 | D        | Reached skill level 14 in Shields
  1299 | D        | Found a transporter.
  1331 | D        | Entered arena 19.
  1334 | D        | Noticed Azrael
  1334 | D        | Noticed Duvessa
  1334 | D        | Noticed Nergalle
  1334 | D        | Noticed Kirke
  1334 | D        | Noticed Gastronok
  1334 | D        | Noticed Saint Roka
  1334 | D        | Noticed Ijyb
  1334 | D        | Noticed Erica
  1334 | D        | Noticed Urug
  1335 | D        | Noticed Purgy
  1335 | D        | Noticed Edmund
  1336 | D        | Noticed Prince Ribbit
  1336 | D        | Noticed Crazy Yiuf
  1336 | D        | Noticed Erolcha
  1336 | D        | Noticed Rupert
  1336 | D        | Noticed Joseph
  1336 | D        | Noticed Maurice
  1336 | D        | Noticed Louise
  1337 | D        | Noticed Eustachio
  1338 | D        | Found a transporter.
  1340 | D        | Killed Erica
  1341 | D        | Killed Nergalle
  1344 | D        | Killed Crazy Yiuf
  1344 | D        | Killed Edmund
  1344 | D        | Killed Kirke
  1345 | D        | Killed Duvessa
  1346 | D        | Killed Azrael
  1349 | D        | Killed Purgy
  1351 | D        | Killed Saint Roka
  1351 | D        | Reached skill level 21 in Fighting
  1354 | D        | Killed Ijyb
  1355 | D        | Killed Joseph
  1355 | D        | Killed Rupert
  1355 | D        | Reached skill level 15 in Armour
  1355 | D        | Reached skill level 15 in Shields
  1356 | D        | Killed Maurice
  1357 | D        | Killed Louise
  1357 | D        | Reached skill level 2 in Dodging
  1359 | D        | Killed Gastronok
  1359 | D        | Reached skill level 3 in Dodging
  1361 | D        | Killed Erolcha
  1361 | D        | Reached skill level 22 in Fighting
  1362 | D        | Killed Urug
  1362 | D        | Gained mutation: You are robust. (+10% HP) [demonic ancestry]
  1362 | D        | Reached XP level 14. HP: 161/161 MP: 4/14
  1365 | D        | Killed Eustachio
  1430 | D        | Entered arena 20.
  1438 | D        | Found a transporter.
  1441 | D        | Reached skill level 4 in Dodging
  1495 | D        | Entered arena 21.
  1500 | D        | Noticed a glowing shapeshifter
  1500 | D        | Noticed an acid blob
  1500 | D        | Noticed a shard shrike
  1500 | D        | a glowing shapeshifter changed into a shard shrike
  1502 | D        | Found a transporter.
  1502 | D        | Noticed an azure jelly
  1502 | D        | a catoblepas changed into an azure jelly
  1502 | D        | Noticed an acid blob
  1502 | D        | a shard shrike changed into an acid blob
  1502 | D        | Noticed a shadow dragon
  1502 | D        | an acid blob changed into a shadow dragon
  1503 | D        | Noticed a storm dragon
  1503 | D        | an azure jelly changed into a storm dragon
  1504 | D        | Reached skill level 1 in Invocations
  1505 | D        | Reached skill level 2 in Invocations
  1506 | D        | Paralysed by a floating eye for 4 turns
  1507 | D        | Noticed a shadow dragon
  1507 | D        | an acid blob changed into a shadow dragon
  1508 | D        | a storm dragon changed into a dire elephant
  1508 | D        | Noticed a quicksilver dragon
  1508 | D        | a death yak changed into a quicksilver dragon
  1508 | D        | Noticed an iron dragon
  1508 | D        | a shadow dragon changed into an iron dragon
  1509 | D        | Noticed a sphinx
  1509 | D        | a shadow dragon changed into a sphinx
  1510 | D        | Noticed a fire giant
  1510 | D        | an iron dragon changed into a fire giant
  1511 | D        | Killed a fire giant
  1511 | D        | Reached skill level 5 in Dodging
  1511 | D        | Reached skill level 3 in Invocations
  1513 | D        | Noticed a sphinx
  1513 | D        | a quicksilver dragon changed into a sphinx
  1515 | D        | Reached skill level 4 in Invocations
  1516 | D        | Killed a sphinx
  1516 | D        | Reached skill level 16 in Armour
  1516 | D        | Reached skill level 6 in Dodging
  1516 | D        | Reached skill level 5 in Invocations
  1517 | D        | Reached skill level 6 in Invocations
  1518 | D        | Killed a sphinx
  1518 | D        | Reached skill level 23 in Fighting
  1519 | D        | Reached skill level 7 in Invocations
  1523 | D        | Noticed an entropy weaver
  1523 | D        | a glowing orange brain changed into an entropy weaver
  1525 | D        | Reached skill level 7 in Dodging
  1526 | D        | Reached skill level 8 in Invocations
  1527 | D        | an entropy weaver changed into a minotaur
  1532 | D        | Noticed a ghost moth
  1532 | D        | a minotaur changed into a ghost moth
  1537 | D        | a ghost moth changed into a spark wasp
  1639 | D        | Entered arena 22.
  1643 | D        | Noticed a stone giant
  1643 | D        | Noticed a stone giant
  1643 | D        | Noticed a quicksilver dragon
  1643 | D        | Noticed an iron dragon
  1643 | D        | Noticed a quicksilver dragon
  1644 | D        | Noticed an iron dragon
  1644 | D        | Noticed an iron dragon
  1644 | D        | Noticed a quicksilver dragon
  1644 | D        | Noticed an iron dragon
  1644 | D        | Noticed a quicksilver dragon
  1644 | D        | Noticed a stone giant
  1644 | D        | Noticed a stone giant
  1645 | D        | Found the +8 Wrath of Trog {antimagic, *Rage}
  1645 | D        | Noticed a quicksilver dragon
  1645 | D        | Noticed a quicksilver dragon
  1645 | D        | Noticed a stone giant
  1646 | D        | Found a transporter.
  1649 | D        | Reached skill level 9 in Invocations
  1652 | D        | Reached skill level 8 in Dodging
  1653 | D        | Killed a quicksilver dragon
  1659 | D        | Reached skill level 10 in Invocations
  1663 | D        | Killed a quicksilver dragon
  1663 | D        | Killed a stone giant
  1663 | D        | Reached skill level 24 in Fighting
  1663 | D        | Reached skill level 9 in Dodging
  1663 | D        | Killed a quicksilver dragon
  1663 | D        | Reached skill level 17 in Armour
  1665 | D        | Killed an iron dragon
  1665 | D        | Reached skill level 11 in Invocations
  1667 | D        | Killed an iron dragon
  1667 | D        | Killed a stone giant
  1667 | D        | Killed a quicksilver dragon
  1668 | D        | Killed a quicksilver dragon
  1668 | D        | Reached skill level 10 in Dodging
  1668 | D        | Reached skill level 12 in Invocations
  1668 | D        | Reached XP level 15. HP: 175/175 MP: 7/24
  1669 | D        | Killed a quicksilver dragon
  1675 | D        | Reached skill level 13 in Invocations
  1675 | D        | Reached skill level 25 in Fighting
  1680 | D        | Killed an iron dragon
  1680 | D        | Reached skill level 11 in Dodging
  1682 | D        | Killed an iron dragon
  1682 | D        | Reached skill level 14 in Invocations
  1683 | D        | Reached skill level 18 in Armour
  1766 | D        | Entered arena 23.
  1772 | D        | Noticed a nagaraja
  1773 | D        | Noticed a nagaraja
  1778 | D        | Noticed a nagaraja
  1784 | D        | Reached skill level 15 in Invocations
  1788 | D        | Reached skill level 12 in Dodging
  1791 | D        | Killed a nagaraja
  1791 | D        | Reached skill level 26 in Fighting
  1794 | D        | Killed a nagaraja
  1798 | D        | Found a transporter.
  1802 | D        | Killed a nagaraja
  1803 | D        | Reached skill level 16 in Invocations
  1862 | D        | Entered arena 24.
  1867 | D        | Killed Prince Ribbit
  1871 | D        | Noticed a ghost moth
  1872 | D        | Noticed a ghost moth
  1878 | D        | Killed a ghost moth
  1878 | D        | Reached skill level 13 in Dodging
  1879 | D        | Reached skill level 19 in Armour
  1882 | D        | Killed a ghost moth
  1882 | D        | Reached skill level 17 in Invocations
  1884 | D        | Reached skill level 27 in Fighting
  1891 | D        | Reached XP level 16. HP: 192/192 MP: 2/28
  1892 | D        | Reached skill level 14 in Dodging
  1892 | D        | Reached skill level 18 in Invocations
  1909 | D        | Reached skill level 20 in Armour
  1909 | D        | Reached skill level 19 in Invocations
  1916 | D        | Found a transporter.
  1921 | D        | Got the ring "Egipodim" {rF+ rN+ Str+2 Slay+2}
  2024 | D        | Entered arena 25.
  2031 | D        | Noticed a quicksilver dragon
  2033 | D        | Noticed a quicksilver dragon
  2033 | D        | Noticed a quicksilver dragon
  2033 | D        | Noticed a quicksilver dragon
  2034 | D        | Found a transporter.
  2037 | D        | Noticed a quicksilver dragon
  2039 | D        | Reached skill level 15 in Dodging
  2040 | D        | Killed a quicksilver dragon
  2043 | D        | Reached skill level 19 in Axes
  2044 | D        | Killed a quicksilver dragon
  2044 | D        | Reached skill level 20 in Invocations
  2047 | D        | Killed a quicksilver dragon
  2048 | D        | Reached skill level 16 in Dodging
  2049 | D        | Reached skill level 20 in Axes
  2050 | D        | Reached skill level 21 in Invocations
  2058 | D        | Killed a quicksilver dragon
  2059 | D        | Reached skill level 17 in Dodging
  2059 | D        | Reached skill level 22 in Invocations
  2063 | D        | Reached skill level 21 in Axes
  2071 | D        | Reached skill level 23 in Invocations
  2073 | D        | Killed a quicksilver dragon
  2073 | D        | Reached skill level 18 in Dodging
  2144 | D        | Entered arena 26.
  2153 | D        | Noticed a storm dragon
  2153 | D        | Noticed a storm dragon
  2153 | D        | Noticed a storm dragon
  2153 | D        | Noticed an electric golem
  2154 | D        | Found the +27 Lear's hauberk
  2154 | D        | Noticed a storm dragon
  2154 | D        | Noticed a storm dragon
  2154 | D        | Noticed an electric golem
  2155 | D        | Noticed an electric golem
  2155 | D        | Noticed an electric golem
  2155 | D        | Found a transporter.
  2157 | D        | Found the amulet of the Air {Inacc +Fly rElec EV+5 RMsl}
  2157 | D        | Noticed a storm dragon
  2157 | D        | HP: 86/192 [spriggan air mage/the air (15)]
  2163 | D        | HP: 58/288 [wind drake/the air (4)]
  2165 | D        | Noticed an electric golem
  2165 | D        | Killed a storm dragon
  2165 | D        | Reached skill level 24 in Invocations
  2165 | D        | Gained mutation: You are very robust. (+20% HP) [demonic ancestry]
  2165 | D        | Reached XP level 17. HP: 62/217 MP: 2/33
  2168 | D        | HP: 86/325 [spriggan air mage/bolt of lightning (3)]
  2169 | D        | Killed an electric golem
  2170 | D        | Reached skill level 22 in Axes
  2173 | D        | Reached skill level 19 in Dodging
  2176 | D        | Noticed a titan
  2179 | D        | Noticed an electric golem
  2180 | D        | Noticed a titan
  2180 | D        | Noticed a titan
  2185 | D        | Killed an electric golem
  2187 | D        | Killed an electric golem
  2187 | D        | Reached skill level 25 in Invocations
  2192 | D        | Killed an electric golem
  2195 | D        | Killed a titan
  2202 | D        | Killed an electric golem
  2203 | D        | Killed an electric golem
  2203 | D        | Reached skill level 23 in Axes
  2203 | D        | Reached skill level 20 in Dodging
  2203 | D        | Reached skill level 26 in Invocations
  2205 | D        | Killed a titan
  2209 | D        | Killed a titan
  2327 | D        | Entered arena 27.
  2335 | D        | Noticed Kuumne the pandemonium lord
  2335 | D        | Noticed Ydwo the pandemonium lord
  2335 | D        | Noticed Taroonn the pandemonium lord
  2335 | D        | Noticed Ugikeerhuach the pandemonium lord
  2336 | D        | Noticed Hoghun the pandemonium lord
  2336 | D        | Noticed Enuz the pandemonium lord
  2336 | D        | Noticed Ezxocvi the pandemonium lord
  2337 | D        | Noticed Migia the pandemonium lord
  2337 | D        | Noticed Zuheoxa the pandemonium lord
  2337 | D        | Noticed Powopi the pandemonium lord
  2338 | D        | Noticed Ulonuin the pandemonium lord
  2338 | D        | Noticed Alarchoek the pandemonium lord
  2340 | D        | Noticed Utraex the pandemonium lord
  2340 | D        | Noticed Qyisahap the pandemonium lord
  2340 | D        | Noticed Veosseib the pandemonium lord
  2340 | D        | Noticed Cicuog the pandemonium lord
  2341 | D        | Noticed Ytamuuq the pandemonium lord
  2341 | D        | Noticed Naeffo the pandemonium lord
  2342 | D        | Noticed a tentacled monstrosity
  2342 | D        | Noticed Kuteot the pandemonium lord
  2343 | D        | Noticed Xevvixett the pandemonium lord
  2343 | D        | Noticed Leutah the pandemonium lord
  2345 | D        | Noticed a Brimstone Fiend
  2345 | D        | Noticed Cuejuschu the pandemonium lord
  2345 | D        | Noticed Ilias the pandemonium lord
  2345 | D        | Noticed Vaenesa the pandemonium lord
  2345 | D        | Noticed Diamigem the pandemonium lord
  2346 | D        | HP: 118/325 [???[Zuheoxa] (65)]
  2348 | D        | Noticed Ojipicus the pandemonium lord
  2348 | D        | Noticed Afuhatux the pandemonium lord
  2349 | D        | Noticed Mofa the pandemonium lord
  2350 | D        | Noticed a Tzitzimitl
  2350 | D        | Noticed Ucyriat the pandemonium lord
  2350 | D        | HP: 58/325 [balrug/divine providence (13)]
  2351 | D        | Noticed Helaxuj the pandemonium lord
  2352 | D        | Noticed Eximoyk the pandemonium lord
  2352 | D        | HP: 25/325 [Ezxocvi the pandemonium lord (24)]
  2353 | D        | Noticed an Ice Fiend
  2353 | D        | Noticed Bahekk the pandemonium lord
  2355 | D        | Noticed Heptafu the pandemonium lord
  2355 | D        | Slain by Ydwo the pandemonium lord

Vanquished Creatures
  Saint Roka (D)
  6 electric golems (D)
  Rupert (D)
  3 titans (D)
  Gastronok (D)
  9 quicksilver dragons (D)
  2 sphinxes (shapeshifter) (D)
  3 shadow dragons (D)
  Kirke (D)
  7 storm dragons (D)
  3 nagarajas (D)
  A ghost moth (D)
  13 iron dragons (D)
  3 emperor scorpions (D)
  A ghoul (D)
  Louise (D)
  11 stone giants (D)
  3 reapers (D)
  An entropy weaver (D)
  Azrael (D)
  2 spark wasps (D)
  A dire elephant (shapeshifter) (D)
  2 merfolk impalers (D)
  12 crystal guardians (D)
  3 ice dragons (D)
  9 naga warriors (D)
  A great orb of eyes (shapeshifter) (D)
  Erolcha (D)
  3 anacondas (D)
  9 spriggan air magi (D)
  Erica (D)
  A dancing weapon (D)
  A satyr (shapeshifter) (D)
  Nergalle (D)
  10 iron golems (D)
  A shock serpent (shapeshifter) (D)
  4 soul eaters (D)
  A fire crab (shapeshifter) (D)
  A sea snake (shapeshifter) (D)
  2 death drakes (shapeshifter) (D)
  A wolf spider (shapeshifter) (D)
  A deep elf mage (D)
  3 wolf spiders (D)
  A salamander (shapeshifter) (D)
  2 shining eyes (D)
  4 draconians (D)
  A cyclops (D)
  2 moths of wrath (D)
  Maurice (D)
  2 eyes of devastation (D)
  A guardian serpent (D)
  A merfolk siren (D)
  Joseph (D)
  4 black mambas (D)
  A rust devil (D)
  3 naga magi (D)
  A spiny frog (D)
  5 gargoyles (D)
  A komodo dragon (shapeshifter) (D)
  A yaktaur (shapeshifter) (D)
  5 demonic crawlers (D)
  3 tormentors (D)
  A komodo dragon (D)
  2 guardian mummies (D)
  2 freezing wraiths (D)
  A queen bee (shapeshifter) (D)
  An ice devil (D)
  A polar bear (shapeshifter) (D)
  6 jumping spiders (D)
  A polar bear (D)
  6 merfolk (D)
  5 hornets (D)
  4 wind drakes (D)
  A slime creature (shapeshifter) (D)
  Prince Ribbit (D)
  A snapping turtle (D)
  A flying skull (D)
  7 air elementals (D)
  6 tarantellas (D)
  Eustachio (D)
  4 yaks (D)
  A redback (D)
  A redback (shapeshifter) (D)
  A basilisk (D)
  A fire bat (shapeshifter) (D)
  A wraith (D)
  A fire elemental (D)
  A golden eye (D)
  Edmund (D)
  2 insubstantial wisps (D)
  A naga (D)
  A hell hound (D)
  Duvessa (D)
  4 water moccasins (D)
  5 porcupines (D)
  2 phantoms (D)
  Purgy (D)
  2 necrophages (D)
  7 ice beasts (D)
  2 wolves (D)
  2 crocodiles (D)
  A bullfrog (D)
  8 earth elementals (D)
  A wight (D)
  A jelly (D)
  Crazy Yiuf (D)
  An iguana (D)
  Ijyb (D)
  3 mummies (D)
  A gnoll (shapeshifter) (D)
  4 adders (D)
  A river rat (D)
  2 white imps (D)
  An adder zombie (D)
  3 adder skeletons (D)
  An adder simulacrum (D)
  2 spectral bats (D)
  3 ball pythons (D)
  3 bat skeletons (D)
  4 bat zombies (D)
  A ball python skeleton (D)
  A ball python zombie (D)
  A bat simulacrum (D)
  2 giant cockroach zombies (D)
  2 leopard gecko zombies (D)
  2 quokka skeletons (D)
  A quokka zombie (D)
  3 spectral giant cockroaches (D)
328 creatures vanquished.

Vanquished Creatures (collateral kills)
  A quicksilver dragon (D)
  A fire giant (shapeshifter) (D)
  An emperor scorpion (D)
  A ghost moth (D)
  2 reapers (D)
  A stone giant (D)
  A spark wasp (shapeshifter) (D)
  A mummy priest (D)
  A merfolk javelineer (D)
  An alligator snapping turtle (D)
  A naga warrior (D)
  A two-headed ogre (shapeshifter) (D)
  Urug (D)
  2 soul eaters (D)
  An orb spider (D)
  2 fauns (shapeshifter) (D)
  A draconian (D)
  A guardian serpent (D)
  A black mamba (D)
  2 naga magi (D)
  A gargoyle (D)
  A spiny frog (D)
  An eye of devastation (D)
  A rime drake (D)
  An ice devil (D)
  A guardian mummy (D)
  A merfolk (D)
  A wind drake (D)
  A hornet (D)
  A slime creature (D)
  A snapping turtle (D)
  A flying skull (D)
  A yak (D)
  An ushabti (D)
  An insubstantial wisp (D)
  2 nagas (D)
  A water moccasin (D)
  A necrophage (D)
  A centaur (D)
  A wolf (D)
  2 bullfrogs (D)
  4 earth elementals (D)
  A wight (D)
  A mummy (D)
  5 adders (D)
  A white imp (D)
  A spectral adder (D)
  An adder skeleton (D)
  A spectral bat (D)
  A ball python (D)
  2 bat skeletons (D)
  3 bat zombies (D)
  A jackal (D)
  A leopard gecko zombie (D)
70 creatures vanquished.

Vanquished Creatures (others)
  A quicksilver dragon (D)
  6 spriggan air magi (D)
  2 wind drakes (D)
  3 insubstantial wisps (D)
12 creatures vanquished.

Grand Total: 410 creatures vanquished

Table legend:
 A = Turns spent in this place as a percentage of turns spent in the entire game.
 B = Non-inter-level travel turns spent in this place as a percentage of non-inter-level travel turns spent in the entire game.
 C = Inter-level travel turns spent in this place as a percentage of turns spent in this place.
 D = Turns resting spent in this place as a percentage of non-inter-level travel turns spent in this place.
 E = Turns spent auto-exploring this place as a percentage of non-inter-level travel turns spent in this place.
 F = Non-inter-level travel turns spent in this place divided by the number of levels of this place that you've seen.
                   A       B       C       D       E      F
               +-------+-------+-------+-------+-------+----------------------
         Total | 100.0 | 100.0 |   0.0 |  56.3 |   1.9 | 2355.0
       Dungeon | 100.0 | 100.0 |   0.0 |  56.3 |   1.9 | 2355.0
               +-------+-------+-------+-------+-------+----------------------
